 Seeded DCSS version 0.28-a0-1130-gc51a68064b (webtiles) character file.

Game seed: 8197062223022065933 (custom seed)

151 croobank the Sneak (level 5, 0/42 HPs)
             Began as a Formicid Delver on Dec 12, 2021.
             Was an Initiate of Qazlal.
             Slain by a gnoll sergeant (2 damage)
             ... on level 6 of the Dungeon.
             The game lasted 00:08:29 (917 turns).

croobank the Sneak (Formicid Delver)                 Turns: 917, Time: 00:08:30

Health: 0/42       AC:  3    Str: 19    XL:     5   Next: 60%
Magic:  5/5        EV: 12    Int:  9    God:    Qazlal [......]
Gold:   30         SH:  0    Dex: 12    Spells: 4/4 levels left

rFire   . . .      SeeInvis +   a - +0 hand axe
rCold   . . .      Faith    .   (no shield)
rNeg    . . .      Spirit   .   b - +0 leather armour
rPois   .          Reflect  .   (helmet unavailable)
rElec   .          Harm     .   (no cloak)
rCorr   .          Rampage  .   (no gloves)
Will    .....                   (no boots)
Stlth   +++.......              (no amulet)
HPRegen 0.14/turn               (no ring)
MPRegen 0.09/turn               (no ring)

@: no status effects
A: permanent stasis, dig shafts and tunnels, antennae 3, four strong arms
a: Dig, Shaft Self, Renounce Religion


You were on level 6 of the Dungeon.
You worshipped Qazlal.
Qazlal was noncommittal.
You visited 1 branch of the dungeon, and saw 2 of its levels.

You collected 30 gold pieces.

Inventory:

Hand Weapons
 a - a +0 hand axe (weapon)
Missiles
 d - 13 poisoned darts (quivered)
Armour
 b - a +0 leather armour (worn)
Wands
 f - a wand of digging (3)
Scrolls
 c - a scroll of fog


   Skills:
 + Level 4.3 Fighting
 + Level 3.1 Axes
 + Level 2.8 Dodging
 + Level 6.8 Stealth


You had 4 spell levels left.
You didn't know any spells.
Your spell library was empty.

Dungeon Overview and Level Annotations

Branches:
Dungeon (6/15)
 Temple: D:4-7

Altars:
Cheibriados
Okawaru
Qazlal
Zin


Innate Abilities, Weirdness & Mutations

You cannot be hasted, slowed, berserked, paralysed or teleported.
You can dig through walls and to a lower floor.
You have a pair of large antennae on your head. (SInv)
Your four strong arms can wield two-handed weapons with a shield.


Message History

The gnoll sergeant blocks your attack. The hound barely misses you.
The gnoll sergeant hits you with a +0 spear!
You barely miss the gnoll sergeant. You hit the hound but do no damage.
The hound barely misses you. The orc priest yells at you, "GO AWAY!"
The gnoll sergeant hits you with a +0 spear.
The hound closely misses you. The gnoll sergeant blocks your attack.
You hit the hound but do no damage. The hound barely misses you.
The gnoll sergeant hits you with a +0 spear.
You feel better. The hound barely misses you.
The gnoll sergeant hits you with a +0 spear!
The hound closely misses you.
Press: ? - help, v - describe, . - travel
Here: a gnoll sergeant, wielding a +0 spear, wearing a +0 scale mail and wearing a +0 buckler The floor.
You hit the hound.
The hound is moderately wounded.
The gnoll sergeant blocks your attack.
Cornered, the orc priest turns to fight!
The hound closely misses you. The gnoll sergeant closely misses you.
The hound barely misses you.
Unknown command.
Press: ? - help, v - describe, . - travel
Here: a hound (moderately wounded)
The floor, spattered with blood.
The gnoll sergeant blocks your attack.
You barely miss the hound. The hound barely misses you.
The gnoll sergeant misses you.
The orc priest looks satisfied for a moment.
You closely miss the gnoll sergeant. You barely miss the hound.
The hound barely misses you.
The gnoll sergeant hits you with a +0 spear!
* * * LOW HITPOINT WARNING * * *
The hound barely misses you.
You aren't carrying any potions.
Okay, then.
Are you sure you want to shaft yourself?
The hound completely misses you.
The gnoll sergeant hits you with a +0 spear.
You die...

#######################**********
...##......##....h.#..,,*,{,,,,,,
##..##..##..##..@g.#g#,,*,,,*,,**
##...##..##..##..#.#.#,,,{*,*,,,,
......##..##..##.#...#,*,,*,,,**,
.#.........##....#..o..#,,,,,,,,,
####.########..#########*,,,,,,,*
***#.............,,,,,,,,,,,,**,*
,,*####.######...*,{,,,,,,,,,,,,*
,,* #.......##...#,,,,,,,,,,,,,,,
,,* #.#.....##....,,,,,,,,,,,,,,,


You could see a gnoll sergeant, a hound and an orc priest.

Vanquished Creatures
  A scorpion (D:6)
  A bullfrog zombie (D:6)
  A jelly (D:6)
  2 adders
  A shadow imp (D:5)
  An ufetubus (D:6)
7 creatures vanquished.

Notes
Turn   | Place    | Note
-------+----------+-------------------------------------------
     0 | D:5      | croobank the Formicid Delver began the quest for the Orb.
     0 | D:5      | Reached XP level 1. HP: 18/18 MP: 1/1
    13 | D:5      | You fall into a shaft and drop 1 floor!
    18 | D:6      | Noticed an ice beast
    34 | D:6      | Found an iron altar of Okawaru.
    34 | D:6      | Found a faded altar of an unknown god.
    42 | D:6      | Found a glowing silver altar of Zin.
    46 | D:6      | Found a stormy altar of Qazlal.
    47 | D:6      | Found a snail-covered altar of Cheibriados.
    51 | D:6      | Became a worshipper of Qazlal Stormbringer
    75 | D:6      | Noticed a black bear
   276 | D:6      | Reached XP level 2. HP: 23/24 MP: 2/2
   282 | D:6      | Noticed a scorpion
   316 | D:6      | Noticed a wight
   316 | D:6      | Noticed a wight
   317 | D:6      | Noticed a wight
   317 | D:6      | Noticed a wight
   501 | D:5      | Reached XP level 3. HP: 29/29 MP: 3/3
   543 | D:6      | Killed a scorpion
   544 | D:6      | Reached XP level 4. HP: 30/37 MP: 4/4
   590 | D:6      | Reached XP level 5. HP: 27/42 MP: 5/5
   916 | D:6      | HP: 2/42 [gnoll sergeant (12)]
   917 | D:6      | Slain by a gnoll sergeant

Illustrated notes

Levels and vault maps discovered:
D:5:      layout_loops_ring, led_sif_pool, hangedman_glass_teeth, uniq_eustachio
D:6:      minmay_thinvault, layout_basic, chequers_temple_overflow_minitemple,
          kennysheep_generic_room_14

Skill      XL: |  1  2  3  4 |
---------------+-------------+-----
Dodging        | 2 |  2.8
Fighting       | 4 |  4.3
Axes           | 3 |  3.1
Stealth        | |  6.8

Action                   |  1- 3 |  4- 6 || total
-------------------------+-------+-------++-------
Melee: Hand axe          |    19 |    30 ||    49
Throw: Dart              |     1 |       ||     1
 Abil: Shaft Self        |     1 |     1 ||     2
  Use: Scroll            |     3 |     1 ||     4
       Potion            |       |     1 ||     1
 Stab: Sleeping          |     1 |     3 ||     4
Armor: Leather armour    |     3 |    14 ||    17
Dodge: Dodged            |    15 |    42 ||    57

Table legend: (Time is in decaauts)
 A = Elapsed time spent in this place.
 B = Non-inter-level travel time spent in this place.
 C = Inter-level travel time spent in this place.
 D = Time resting spent in this place.
 E = Time spent auto-exploring this place.
 F = Levels seen in this place.
 G = Mean time per level.
                   A        B        C        D        E       F      G
               +--------+--------+--------+--------+--------+-----+--------+
         Total |    926 |    926 |      0 |    392 |     26 |   2 |  463.0 |
       Dungeon |    926 |    926 |      0 |    392 |     26 |   2 |  463.0 |
               +--------+--------+--------+--------+--------+-----+--------+

Top non-repeatable levels by time:
     D:6: 722 daAuts
     D:5: 203 daAuts
